 Dungeon Crawl Stone Soup version 0.31-a0-1589-g8f5e8aebd6 (webtiles) character file.

Game seed: 1048900215047979311

2 Laraso the Sneak (level 1, -2/18 HPs)
             Began as an Armataur Delver on Jan 6, 2024.
             Was an Initiate of Ashenzari.
             Killed by divine providence
             ... invoked by an orc priest
              (12 damage)
             ... on level 5 of the Dungeon.
             The game lasted 00:00:39 (153 turns).

Laraso the Sneak (Armataur Delver)                   Turns: 153, Time: 00:00:39

Health: -2/18      AC:  4    Str: 17    XL:     1   Next: 25%
Magic:  1/1        EV:  9    Int: 10    God:    Ashenzari [......]
Gold:   18         SH:  0    Dex: 11    Spells: 0/0 levels left

rFire   . . .        a - +0 mace
rCold   . . .        (no shield)
rNeg    . . .        b - +0 leather armour
rPois   .            (no helmet)
rElec   .            (no cloak)
rCorr   .            (no gloves)
SInv    .            (no barding)
Will    .....        (no amulet)
Stlth   +++          (no ring)
HPRegen 0.23/turn    (no ring)
MPRegen 0.07/turn

%: roll
@: hasted, very quick
A: large, deformed body, tough skin 3, armoured tail, roll 1
a: Renounce Religion


You were on level 5 of the Dungeon.
You worshipped Ashenzari.
Ashenzari was noncommittal.
You visited 1 branch of the dungeon, and saw 1 of its levels.

You collected 18 gold pieces.

Inventory:

Hand Weapons
 a - a +0 mace (weapon)
Armour
 b - a +0 leather armour (worn)
Wands
 g - a wand of digging (3)
Scrolls
 c - a scroll of fog
 d - a scroll of revelation
 e - a scroll of fear


   Skills:
 - Level 2.6 Fighting
 * Level 2.0 Maces & Flails
 - Level 1.3 Dodging
 - Level 5.4 Stealth


You couldn't memorise any spells.
You didn't know any spells.
Your spell library was empty.

Dungeon Overview and Level Annotations

Branches:
Dungeon (5/15)
 Temple: D:4-7

Altars:
Ashenzari
Makhleb
Trog


Innate Abilities, Weirdness & Mutations

Armour fits poorly on your strangely shaped body.
You have extremely tough skin. (AC +3)
You have a long armoured tail.
You regenerate magic when rolling toward enemies. (Rampage MPRegen)


Message History

There is an open door here.
Found a pair of boots.
You open the door.
There is an open door here.
You open the large door.
An ogre and a scorpion come into view.
Found a chain mail.
There is a large open door here.
You close the large door.
There is an open door here.
You open the door.
Found 12 gold pieces. 2 orcs and an orc priest come into view.
Found 14 gold pieces.
The orc priest shouts!
The orc shouts! x2
There is an open door here.
It was a potion of heal wounds.
You feel much better.
The orc priest hits you with a +0 flail.
You feel yourself speed up.
The orc priest hits you with a +0 flail.
You hit the orc priest but do no damage.
Unknown command.
Unknown command.
You hit the orc.
The orc is heavily wounded.
The orc barely misses you.
You hit the orc.
You kill the orc!
Your Maces & Flails skill increases to level 2!
You hit the orc priest but do no damage.
The orc barely misses you. The orc priest completely misses you.
There is an open door, spattered with blood here.
Things that are here:
a +0 dagger; a +0 ring mail You sock the orc priest!
Your tail-slap misses the orc priest.
The orc priest is heavily wounded.
The orc priest mumbles some strange prayers to Beogh against you.
Beogh smites you!
Ouch! That really hurt!
You die...

........'.............#
#########.............#
..........#############
..........# ....##.
..........# ......
..........# ....#
..........#######....#
................#o..$#
...............o@....+
.#+.#...........#....#
##...#####......#....#
##.##...##.....#....#
#.#.8.8.#.....#.....$
#.#.._..#.....#.......
#.#...8.#.....+....##.
+#.#'...##..... #...#
##...#####.#.


You could see an orc priest and an orc.

Vanquished Creatures
  An orc (D:5)
1 creature vanquished.

Notes
Turn   | Place    | Note
-------+----------+-------------------------------------------
     0 | D:5      | Laraso the Armataur Delver began the quest for the Orb.
     0 | D:5      | Reached XP level 1. HP: 18/18 MP: 1/1
    41 | D:5      | Found a broken altar of Ashenzari.
    44 | D:5      | Found a bloodstained altar of Trog.
    48 | D:5      | Found a burning altar of Makhleb.
    54 | D:5      | Became a worshipper of Ashenzari the Shackled
    88 | D:5      | Noticed an ogre
    88 | D:5      | Noticed a scorpion
   144 | D:5      | Noticed an orc priest
   153 | D:5      | Killed from afar by an orc priest

Illustrated notes

Levels and vault maps discovered:
D:5:      layout_gridville, grunt_temple_overflow_cloverleaf, serial_shops,
          nicolae_shop_scrapyard, kennysheep_dice

Skill      XL: |  1 |
---------------+----+-----
Maces & Flails | 2 |  2.0
Fighting       | |  2.6
Dodging        | |  1.3
Stealth        | |  5.4

Action                     || total
---------------------------++-------
  Melee: Mace              ||     5
    Use: Potion            ||     2
 Armour: Leather armour    ||     2
  Dodge: Dodged            ||     3

Table legend: (Time is in decaauts)
 A = Elapsed time spent in this place.
 B = Non-inter-level travel time spent in this place.
 C = Inter-level travel time spent in this place.
 D = Time resting spent in this place.
 E = Time spent auto-exploring this place.
 F = Levels seen in this place.
 G = Mean time per level.
                   A        B        C        D        E       F      G
               +--------+--------+--------+--------+--------+-----+--------+
         Total |    152 |    152 |      0 |      0 |     44 |   1 |  152.0 |
       Dungeon |    152 |    152 |      0 |      0 |     44 |   1 |  152.0 |
               +--------+--------+--------+--------+--------+-----+--------+

Top non-repeatable levels by time:
     D:5: 152 daAuts
